 Dungeon Crawl Stone Soup version 0.29-a0-613-gf2c431b9b9 (webtiles) character file.

Game seed: 17946235787681179595

42 oldmanjim the Skirmisher (level 3, 0/55 HPs)
             Began as an Ogre Transmuter on June 16, 2022.
             Was a Follower of Trog.
             Succumbed to an adder's poison
             ... on level 2 of the Dungeon.
             The game lasted 00:07:00 (1551 turns).

oldmanjim the Skirmisher (Ogre Transmuter)          Turns: 1551, Time: 00:07:00

Health: 0/55       AC:  3    Str: 16    XL:     3   Next: 54%
Magic:  7/7        EV:  9    Int: 14    God:    Trog [*.....]
Gold:   50         SH:  0    Dex:  9    Spells: 6/7 levels left

rFire   . . .      SeeInvis .     - Unarmed
rCold   . . .      Faith    .   (no shield)
rNeg    . . .      Spirit   .   c - +0 robe
rPois   .          Reflect  .   (helmet restricted)
rElec   .          Harm     .   (no cloak)
rCorr   .          Rampage  .   (gloves unavailable)
Will    .....                   (boots unavailable)
Stlth   ..........              (no amulet)
HPRegen 0.18/turn               (no ring)
MPRegen 0.10/turn               (no ring)

@: berserking (expiring), lethally poisoned (0 -> -4), very quick
A: large, unfitting armour, tough skin 1
a: Renounce Religion, Berserk


You were on level 2 of the Dungeon.
You worshipped Trog.
Trog was aware of your devotion.
You visited 1 branch of the dungeon, and saw 2 of its levels.

You collected 50 gold pieces.

Inventory:

Hand Weapons
 a - a +0 hunting sling
Armour
 c - a +0 robe (worn)
Scrolls
 f - a scroll of torment {unknown}
 g - a scroll of blinking {unknown}
Potions
 b - a potion of lignification
 d - 2 potions of brilliance {unknown}
 e - 3 potions of curing {unknown}
 h - a potion of resistance {unknown}


   Skills:
 + Level 3.6 Fighting
 - Level 1.7 Dodging
 - Level 2.8 Unarmed Combat
 - Level 2.8 Spellcasting
 - Level 2.0 Transmutations


You had 6 spell levels left.
You knew the following spells:

 Your Spells              Type           Power      Damage    Failure   Level
a - Beastly Appendage     Tmut           14%        N/A       10%         1

Your spell library contained the following spells:

 Spells                   Type           Power      Damage    Failure   Level
 Wereblood                Tmut           7%         N/A       14%         2
 Spider Form              Tmut/Pois      4%         N/A       41%         3
 Ice Form                 Ice/Tmut       4%         N/A       82%         4


Dungeon Overview and Level Annotations

Branches:
Dungeon (2/15)

Altars:
Trog


Innate Abilities, Weirdness & Mutations

You are too large for most types of armour.
You have tough skin. (AC +1)


Message History

You are lethally poisoned!
The adder poisons you! The rat bites you but does no damage.
The adder bites you but does no damage.
A red film seems to cover your vision as you go berserk!
You feel yourself moving faster!
You feel mighty!
You feel very sick.
The rat twitches its whiskers.
The rat bites you.
* * * LOW HITPOINT WARNING * * *
The adder barely misses you.
You barely miss the adder.
The adder is almost dead.
* * * LOW HITPOINT WARNING * * *
You feel sick. The rat bites you.
* * * LOW HITPOINT WARNING * * *
The adder bites you but does no damage.
You miss the adder.
The adder is almost dead.
* * * LOW HITPOINT WARNING * * *
You feel sick. The adder bites you but does no damage. The rat bites you.
* * * LOW HITPOINT WARNING * * *
You miss the adder.
The adder is almost dead.
* * * LOW HITPOINT WARNING * * *
You feel sick. The adder barely misses you.
You are too berserk!
Calm down first, please.
You punch the adder!
You kill the adder!
Trog accepts your kill.
* * * LOW HITPOINT WARNING * * *
You feel sick. The rat barely misses you.
You punch the rat!
You kill the rat!
Trog accepts your kill.
* * * LOW HITPOINT WARNING * * *
You feel sick.
You are too berserk!
You are too berserk!
You die...

#.#......
###########.#..##..
.........<.....##.#
######........###.#
######.####.### #.#
.......####.# #.#
#######.....# #.#
#.###.#####.######
#.# #.#...@.†.....#
#.# #.#.###.#####.#
#.# #...# #.# #.#
##### #.# #.# #.#
..# #.# #.# .#


There were no monsters in sight!

Vanquished Creatures
  An adder (D:2)
  2 dart slugs (D:1)
  5 bats
  An endoplasm (D:1)
  5 goblins (D:1)
  7 hobgoblins (D:1)
  2 quokkas (D:1)
  A frilled lizard (D:1)
  A rat (D:2)
25 creatures vanquished.

Notes
Turn   | Place    | Note
-------+----------+-------------------------------------------
     0 | D:1      | oldmanjim the Ogre Transmuter began the quest for the Orb.
     0 | D:1      | Reached XP level 1. HP: 19/19 MP: 3/3
   169 | D:1      | Reached XP level 2. HP: 28/28 MP: 3/5
   257 | D:1      | Found a faded altar of an unknown god.
   329 | D:1      | Prayed at the altar of an unknown god.
   329 | D:1      | Became a worshipper of Trog the Wrathful
   329 | D:1      | Reached * piety under Trog
   352 | D:1      | Reached skill level 2 in Fighting
   879 | D:1      | Reached XP level 3. HP: 25/36 MP: 7/7
   882 | D:1      | Reached skill level 3 in Fighting
  1548 | D:2      | HP: 2/55 [poisoned by an adder]
  1551 | D:2      | Succumbed to an adder's poison

Illustrated notes

Levels and vault maps discovered:
D:1:      lemuel_arrival_tunnels, layout_basic,
          shapermc_ecumenical_altar_notcrosses, minmay_misc_feat_rugged,
          chequers_serial_rivers_room_a
D:2:      layout_loops_ring

Skill      XL: |  1  2  3 |
---------------+----------+-----
Transmutations | 2 |  2.0
Fighting       | 2 3 |  3.6
Dodging        | |  1.7
Unarmed Combat | |  2.8
Spellcasting   | |  2.8

Action                   || total
-------------------------++-------
Melee: Unarmed           ||    54
       Headbutt          ||     2
       Kick              ||     1
       Punch             ||     1
 Fire: Hunting sling     ||    44
 Cast: Beastly Appendage ||     3
Invok: Berserk           ||     1
Armor: Robe              ||    39
Dodge: Dodged            ||    68

Table legend: (Time is in decaauts)
 A = Elapsed time spent in this place.
 B = Non-inter-level travel time spent in this place.
 C = Inter-level travel time spent in this place.
 D = Time resting spent in this place.
 E = Time spent auto-exploring this place.
 F = Levels seen in this place.
 G = Mean time per level.
                   A        B        C        D        E       F      G
               +--------+--------+--------+--------+--------+-----+--------+
         Total |   1562 |   1534 |     28 |      0 |   1320 |   2 |  781.0 |
       Dungeon |   1562 |   1534 |     28 |      0 |   1320 |   2 |  781.0 |
               +--------+--------+--------+--------+--------+-----+--------+

Top non-repeatable levels by time:
     D:1: 1519 daAuts
     D:2: 43 daAuts
